 Dungeon Crawl Stone Soup version 0.28-a0-397-g1a7b1a870f (webtiles) character file.

Game seed: 14964051147501689382

380 Conn the Sneak (level 6, -10/37 HPs)
             Began as an Octopode Fire Elementalist on Sept 4, 2021.
             Was an Initiate of Sif Muna.
             Mangled by an orc warrior (26 damage)
             ... on level 4 of the Dungeon.
             The game lasted 00:11:04 (4870 turns).

Conn the Sneak (Octopode Fire Elementalist)         Turns: 4870, Time: 00:11:05

Health: -10/37     AC:  1    Str:  7    XL:     6   Next: 75%
Magic:  5/11       EV: 13    Int: 19    God:    Sif Muna [......]
Gold:   127        SH:  0    Dex: 13    Spells: 11/12 levels left

rFire   . . .      SeeInvis .   c - +1 dagger (vamp)
rCold   . . .      Faith    .   (no shield)
rNeg    . . .      Spirit   .   (helmet restricted)
rPois   .          Reflect  .   (no amulet)
rElec   .          Harm     .   e - +4 ring of slaying
rCorr   .          Rampage  .   (no ring)
Will    .....                   (no ring)
Stlth   ++++......              (no ring)
HPRegen 0.12/turn               (no ring)
MPRegen 0.12/turn               (no ring)
                                (no ring)
                                (no ring)

@: lethally poisoned (-10 -> -26)
A: almost no armour, amphibious, 8 rings, camouflage 1, gelatinous body 1,
(nimble swimmer 1), tentacles
a: Renounce Religion


You were on level 4 of the Dungeon.
You worshipped Sif Muna.
Sif Muna was noncommittal.
You visited 1 branch of the dungeon, and saw 5 of its levels.

You collected 127 gold pieces.

Inventory:

Hand Weapons
 b - a +0 dagger
 c - a +1 vampiric dagger (weapon)
Missiles
 a - 2 javelins
 i - 2 throwing nets
Jewellery
 e - a +4 ring of slaying (left tentacle)
Scrolls
 d - 2 scrolls of teleportation
 f - a scroll of fog
 g - a scroll of torment {unknown}
 h - a scroll of enchant armour {unknown}
 j - a scroll of silence {unknown}
 k - a scroll of magic mapping
 l - a scroll of identify


   Skills:
 + Level 0.8 Fighting
 + Level 0.1 Short Blades
 + Level 3.0 Dodging
 + Level 4.7 Stealth
 + Level 3.6 Spellcasting
 + Level 2.6 Conjurations
 + Level 4.4 Fire Magic


You had 11 spell levels left.
You knew the following spells:

 Your Spells              Type           Power      Damage    Failure   Level
a - Foxfire               Conj/Fire      64%        2x1d7     3%          1

Your spell library contained the following spells:

 Spells                   Type           Power      Damage    Failure   Level
 Scorch                   Fire           40%        2d7       3%          2
 Conjure Flame            Conj/Fire      16%        6-21      10%         3
 Freeze                   Ice            12%        1d4       14%         1
 Pain                     Necr           12%        1d4       14%         1
 Inner Flame              Hex/Fire       11%        N/A       17%         3
 Corpse Rot               Necr/Air       N/A        N/A       22%         2
 Poisonous Vapours        Pois/Air       6%         N/A       22%         2
 Flame Wave               Conj/Fire      16%        3d5       32%         4
 Frozen Ramparts          Ice            6%         1d2       41%         3
 Hailstorm                Conj/Ice       8%         3d4       63%         4
 Agony                    Necr           3%         N/A       99%         5
 Excruciating Wounds      Necr           1%         N/A       99%         5


Dungeon Overview and Level Annotations

Branches:
Dungeon (5/15)
 Temple: D:4-7

Altars:
Sif Muna
Uskayaw
Yredelemnul

Shops:
D:1 =

Annotations:
D:4 Sigmund


Innate Abilities, Weirdness & Mutations

You cannot wear most types of armour.
You are amphibious.
You can wear up to eight rings at the same time.
Your skin changes colour to match your surroundings (Stealth+).
Your rubbery body absorbs attacks. (AC +1, EV +1)
((You are camouflaged near water. (Stealth+)))
You have tentacles for arms and can constrict up to eight enemies at once.


Message History

The orc is heavily wounded.
Casting: Foxfire (safe; 3% risk of failure)
Confirm with . or Enter, or press ? or * to list all spells.
You conjure some foxfire!
The foxfire hits the orc.
The orc is severely wounded.
The foxfire hits the orc.
The orc is moderately wounded.
Unknown command.
Casting: Foxfire (safe; 3% risk of failure)
Confirm with . or Enter, or press ? or * to list all spells.
You conjure some foxfire!
The foxfire hits the orc.
You kill the orc!
Sif Muna accepts your kill. The orc closely misses you. Sigmund misses you.
Unknown command.
Casting: Foxfire (safe; 3% risk of failure)
Confirm with . or Enter, or press ? or * to list all spells.
You conjure some foxfire!
The foxfire hits Sigmund.
Sigmund completely resists.
The foxfire hits the goblin.
The goblin is severely wounded.
The orc hits you with a +0 falchion.
The goblin drinks a potion.
The goblin is healed!
Sigmund casts a spell.
Sigmund flickers and vanishes!
Deactivating autopickup; reactivate with Ctrl-A.
The orc warrior barely misses you.
Casting: Foxfire (safe; 3% risk of failure)
Confirm with . or Enter, or press ? or * to list all spells.
You conjure some foxfire!
The foxfire hits the orc but does no damage.
The orc is severely wounded.
The foxfire hits the goblin.
You kill the goblin!
Sif Muna accepts your kill.
The foxfire hits the orc wizard but does no damage.
The orc barely misses you. Something hits you!
You are lethally poisoned!
The orc warrior hits you from afar with a +0 glaive!!
Ouch! That really hurt!
You die...

..#....#.....#.....###..
#......#.....#.#...#
.......#.....#.#...#
.....#.#.....#.#...#
.#...#.#.....#.#...#
.....#.#.....#.#...#
.#...#.#.....#.#...##.#
.....#
#.#.#.#.#ยงยง....#.
.....# #.....#..@o......
.......###.####vo)......
....... .. ..){o......
.... ...#.o.......
#....#......... #...
#......... #...
#......... #..
#.........


You could see an orc warrior, an orc priest, an orc wizard and an orc (ally
target).

Vanquished Creatures
  A bullfrog (D:4)
  2 orc priests (D:3)
  4 gnolls (D:3)
  10 adders
  4 worms
  2 dart slugs
  13 orcs
  3 ball pythons
  5 bats
  6 endoplasms
  5 giant cockroaches
  8 goblins
  10 hobgoblins
  2 jackals (D:2)
  8 quokkas
  6 frilled lizards
  6 kobolds
  9 rats
  A spectral orc (D:4)
105 creatures vanquished.

Vanquished Creatures (others)
  311 foxfires
311 creatures vanquished.

Grand Total: 416 creatures vanquished

Notes
Turn   | Place    | Note
-------+----------+-------------------------------------------
     0 | D:1      | Conn the Octopode Fire Elementalist began the quest for the
                  | Orb.
     0 | D:1      | Reached XP level 1. HP: 11/11 MP: 3/3
   367 | D:1      | Reached XP level 2. HP: 12/17 MP: 0/5
   706 | D:1      | Reached XP level 3. HP: 20/21 MP: 0/6
   831 | D:1      | Found Dezu's Jewellery Shop.
  1523 | D:2      | Reached XP level 4. HP: 18/27 MP: 1/7
  2176 | D:2      | Found a faded altar of an unknown god.
  2694 | D:3      | You fall into a shaft and drop 2 floors!
  2694 | D:5      | Entered Level 5 of the Dungeon
  2711 | D:4      | Reached XP level 5. HP: 23/31 MP: 9/9
  2764 | D:4      | Found a hide-covered altar of Uskayaw.
  2786 | D:4      | Noticed an orc warrior
  2787 | D:4      | Noticed a black bear
  3133 | D:3      | Reached XP level 6. HP: 20/37 MP: 2/10
  4248 | D:3      | Found a shimmering blue altar of Sif Muna.
  4256 | D:3      | Became a worshipper of Sif Muna the Loreminder
  4758 | D:4      | Found a basalt altar of Yredelemnul.
  4862 | D:4      | Noticed Sigmund
  4870 | D:4      | Mangled by an orc warrior

Illustrated notes

Levels and vault maps discovered:
D:1:      nicolae_arrival_somewhat_less_tricky_arrival, layout_loops_ring,
          serial_shops, nicolae_shop_trees
D:2:      minmay_wonky_spiral, layout_basic, basic_ecumenical_altar
D:3:      kennysheep_big_flooded_room, layout_loops_corners, led_sif_pool,
          gup_sewer_entry_spiral, kennysheep_decorative_pillar
D:4:      layout_basic, yredelemnul_forgotten_temple_becter,
          nicolae_uskayaw_murder_on_the_dancefloor,
          amcnicky_mini_corridor_feature, glass_columns_b, minivault_19,
          eino_tiny_chamber, kennysheep_flooded_box, uniq_sigmund
D:5:      layout_loops_ring, grunt_gozag_statues,
          mainiacjoe_overflow_tiny_flanked, zin_scriptorium,
          gammafunk_temple_overflow_forgotten, mainiacjoe_overflow_24_doors,
          serial_shops, kennysheep_mini, amcnicky_mini_pool_medium, uniq_edmund,
          uniq_menkaure, uniq_ijyb

Skill      XL: |  1  2  3  4  5  6 |
---------------+-------------------+-----
Stealth        | 3 4 |  4.7
Fire Magic     | 4 |  4.4
Spellcasting   | 3 |  3.6
Conjurations   | 2 |  2.6
Dodging        | 3 |  3.0
Fighting       | |  0.8
Short Blades   | |  0.1

Action                   |  1- 3 |  4- 6 || total
-------------------------+-------+-------++-------
Melee: Dagger            |    22 |    64 ||    86
       Constrict         |    11 |    12 ||    23
       Tentacles         |     4 |     7 ||    11
 Cast: Foxfire           |    56 |   125 ||   181
  Use: Scroll            |     1 |     2 ||     3
       Potion            |       |     1 ||     1
 Stab: Sleeping          |     2 |     7 ||     9
Armor: Skin              |     2 |    11 ||    13
Dodge: Dodged            |    38 |    45 ||    83

Table legend: (Time is in decaauts)
 A = Elapsed time spent in this place.
 B = Non-inter-level travel time spent in this place.
 C = Inter-level travel time spent in this place.
 D = Time resting spent in this place.
 E = Time spent auto-exploring this place.
 F = Levels seen in this place.
 G = Mean time per level.
                   A        B        C        D        E       F      G
               +--------+--------+--------+--------+--------+-----+--------+
         Total |   4869 |   4805 |     64 |    550 |   2816 |   5 |  973.8 |
       Dungeon |   4869 |   4805 |     64 |    550 |   2816 |   5 |  973.8 |
               +--------+--------+--------+--------+--------+-----+--------+

Top non-repeatable levels by time:
     D:3: 1884 daAuts
     D:1: 1301 daAuts
     D:2: 1274 daAuts
     D:4: 400 daAuts
     D:5: 9 daAuts
